Map: Avalon Labs

Players

Loken

  • Race: Protoss Protoss
  • League: Platinum
  • Spawn Location: 12:00

Myran

  • Race: Protoss Protoss
  • Spawn Location: 12:00

dallaskuken

  • Race: Protoss Protoss
  • League: Platinum
  • Spawn Location: 11:00

RedMonsterT

  • Race: Protoss Protoss
  • League: Silver
  • Spawn Location: 5:00

Celomanx

  • Race: Terran Terran
  • League: Diamond
  • Spawn Location: 6:00

Hopeless

  • Race: Zerg Zerg
  • League: Platinum
  • Spawn Location: 6:00

VOD

Have the link to the VOD?

Description

Time

  • Played on: April 5, 2017, 3:13 p.m.
  • Length: 14:12
Show
View Real Time Build Order
Export as new Build Order

Loken Protoss 

Build Orders: Dark Templar Rush 

Get SALT Encoding   

  12  0:01  Probe (Chrono Boost)  
  13  0:12  Probe (Chrono Boost)  
  14  0:20  Pylon  
  14  0:24  Probe (Chrono Boost)  
  15  0:38  Probe (Chrono Boost)  
  15  0:39  Gateway  
  16  0:49  Probe (Chrono Boost)  
  17  1:02  Probe (Chrono Boost)  
  18  1:07  Assimilator  
  18  1:12  Assimilator  
  18  1:13  Probe (Chrono Boost)  
  19  1:19  Gateway  
  19  1:23  Probe (Chrono Boost)  
  20  1:27  Cybernetics Core  
  20  1:34  Probe (Chrono Boost)  
  20  1:35  Pylon  
  21  1:44  Probe (Chrono Boost)  
  22  1:54  Pylon  
  22  1:56  Probe (Chrono Boost)  
  23  2:05  Warp Gate  
  23  2:09  Stalker x2  
  23  2:14  Probe (Chrono Boost)  
  28  2:31  Probe (Chrono Boost)  
  29  2:39  Stalker x2  
  33  2:51  Twilight Council  
  33  2:59  Probe (Chrono Boost)  
  33  3:01  Pylon  
  34  3:16  Nexus  
  34  3:22  Probe (Chrono Boost)  
  35  3:33  Probe (Chrono Boost)  
  36  3:38  Dark Shrine  
  36  3:43  Probe (Chrono Boost)  
  37  3:54  Probe (Chrono Boost)  
  30  4:27  Gateway x2, Pylon  
  30  4:31  Gateway  
  30  4:33  Gateway  
  30  4:39  Probe x2 (Chrono Boost)  
  30  4:43  Assimilator  
  32  4:47  Assimilator  
  32  4:49  Probe x2 (Chrono Boost)  
  32  4:52  Dark Templar  
  36  4:59  Dark Templar  
  39  5:00  Probe x2 (Chrono Boost)  
  40  5:13  Probe (Chrono Boost)  
  41  5:15  Probe (Chrono Boost)  
  42  5:23  Probe (Chrono Boost)  
  42  5:26  Probe (Chrono Boost)  
  44  5:34  Probe (Chrono Boost)  
  45  5:36  Probe (Chrono Boost)  
  46  5:43  Dark Templar x2  
  46  5:44  Probe (Chrono Boost), Dark Templar x2  
  46  5:47  Probe (Chrono Boost)  
  56  5:55  Probe (Chrono Boost)  
  52  5:57  Probe (Chrono Boost)  
  45  6:32  Stalker x2  
  45  6:33  Stalker x4  
  45  6:39  Probe (Chrono Boost)  
  56  6:43  Pylon  
  54  6:49  Pylon, Probe (Chrono Boost)  
  51  7:00  Probe (Chrono Boost)  
  47  7:03  Stalker x5  
  47  7:05  Stalker  
  59  7:10  Probe (Chrono Boost)  
  59  7:12  Forge  
  60  7:19  Probe (Chrono Boost)  
  60  7:21  Probe (Chrono Boost)  
  54  7:29  Probe (Chrono Boost)  
  51  7:31  Probe (Chrono Boost)  
  52  7:40  Blink  
  52  7:42  Probe (Chrono Boost)  
  52  7:44  Probe (Chrono Boost)  
  52  7:53  Probe (Chrono Boost)  
  53  8:03  Probe (Chrono Boost)  
  54  8:12  Probe (Chrono Boost)  
  55  8:14  Photon Cannon, Probe (Chrono Boost)  
  56  8:23  Probe (Chrono Boost)  
  56  8:24  Probe (Chrono Boost)  
  58  8:33  Probe (Chrono Boost)  
  59  8:35  Probe (Chrono Boost)  
  59  8:40  Sentry  
  59  8:41  Sentry x4  
  44  8:42  Sentry  
  44  8:44  Probe (Chrono Boost)  
  44  8:45  Probe (Chrono Boost)  
  48  9:06  Dark Templar  
  48  9:07  Dark Templar x5  
  36  10:38  Dark Templar x5  
  36  10:39  Dark Templar  
  36  10:42  Nexus  
  48  10:45  Pylon  
  48  10:47  Pylon  
  48  10:51  Archon x2  
  48  10:52  Archon  
  48  11:00  Charge  
  48  11:04  Protoss Ground Weapons Level 1  
  48  11:07  Gateway  
  48  11:08  Gateway  
  48  11:11  Photon Cannon  
  48  11:14  Photon Cannon  
  47  11:32  Zealot x4  
  53  11:33  Zealot x2  
  59  11:47  Pylon  
  59  11:49  Pylon  
  59  11:53  Assimilator  
  59  11:55  Probe x3 (Chrono Boost)  
  59  11:56  Assimilator  
  62  12:05  Probe (Chrono Boost)  
  62  12:06  Probe x2 (Chrono Boost)  
  65  12:13  Gateway x2  
  65  12:15  Gateway  
  65  12:16  Probe x3 (Chrono Boost)  
  65  12:17  Gateway  
  68  12:26  Probe (Chrono Boost)  
  68  12:27  Probe x2 (Chrono Boost)  
  72  12:37  Probe x3 (Chrono Boost)  
  72  12:44  Dark Templar x2  
  76  12:46  Dark Templar  
  76  12:47  Probe (Chrono Boost), Dark Templar  
  76  12:48  Probe x2 (Chrono Boost)  
  85  12:52  Archon x2  
  85  12:58  Probe x3 (Chrono Boost)  
  88  13:01  Forge  
  54  13:20  Photon Cannon  
  54  13:31  Zealot x3  
  54  13:32  Zealot x5  
  32  13:57  Dark Templar x5  
Show
View Real Time Build Order
Export as new Build Order

Myran Protoss 

Build Orders:  

Get SALT Encoding   

  12  0:02  Probe (Chrono Boost)  
  13  0:12  Probe (Chrono Boost)  
  14  0:19  Pylon  
  14  0:23  Probe (Chrono Boost)  
  15  0:38  Probe (Chrono Boost)  
  15  0:40  Gateway  
  16  0:48  Probe (Chrono Boost)  
  16  0:49  Assimilator  
  17  0:59  Probe (Chrono Boost)  
  18  1:12  Gateway  
  18  1:13  Probe (Chrono Boost)  
  19  1:24  Probe (Chrono Boost)  
  20  1:28  Zealot  
  22  1:34  Cybernetics Core  
  22  1:37  Pylon  
  22  1:39  Probe (Chrono Boost)  
  23  1:55  Assimilator, Probe (Chrono Boost)  
  23  1:58  Zealot  
  23  2:00  Warp Gate  
  26  2:02  Zealot  
  26  2:06  Probe (Chrono Boost)  
  29  2:16  Probe (Chrono Boost)  
  30  2:31  Pylon  
  30  2:41  Pylon  
  30  2:49  Stalker x2  
  34  3:05  Nexus  
  34  3:12  Probe (Chrono Boost)  
  35  3:19  Stalker  
  37  3:37  Probe (Chrono Boost)  
  38  3:41  Stalker  
  41  3:49  Stalker, Probe (Chrono Boost)  
  31  4:36  Stalker x2  
  35  4:42  Gateway  
  35  4:43  Gateway  
  35  4:47  Forge  
  35  4:48  Probe (Chrono Boost)  
  37  4:54  Probe (Chrono Boost)  
  37  4:58  Probe (Chrono Boost)  
  38  5:00  Pylon  
  38  5:02  Assimilator  
  38  5:03  Stalker  
  38  5:05  Stalker  
  38  5:06  Assimilator, Probe (Chrono Boost)  
  43  5:09  Probe (Chrono Boost)  
  44  5:19  Probe (Chrono Boost)  
  28  5:30  Probe (Chrono Boost)  
  30  5:42  Probe (Chrono Boost)  
  27  5:54  Probe (Chrono Boost)  
  28  5:59  Nexus  
  28  6:07  Probe (Chrono Boost)  
  30  6:19  Probe (Chrono Boost)  
  30  6:31  Probe (Chrono Boost)  
  31  6:35  Photon Cannon  
  31  6:51  Photon Cannon  
  32  6:54  Probe (Chrono Boost)  
  32  7:10  Stalker  
  34  7:26  Zealot x2  
  38  7:38  Probe (Chrono Boost)  
  39  7:45  Probe (Chrono Boost)  
  39  7:49  Probe (Chrono Boost)  
  41  7:51  Photon Cannon  
  41  7:55  Probe (Chrono Boost)  
  42  7:58  Pylon  
  42  8:02  Stalker, Pylon  
  44  8:06  Probe (Chrono Boost)  
  45  8:16  Probe (Chrono Boost)  
  24  9:08  Pylon  
  24  9:10  Probe (Chrono Boost)  
  25  9:21  Probe (Chrono Boost)  
  26  9:32  Nexus  
  26  9:40  Probe (Chrono Boost)  
  27  9:50  Probe (Chrono Boost)  
  27  9:52  Gateway  
  28  10:01  Probe (Chrono Boost)  
  28  10:05  Nexus  
  29  10:11  Probe (Chrono Boost)  
  30  10:19  Pylon  
  30  10:22  Probe (Chrono Boost)  
  31  10:30  Cybernetics Core  
  31  10:49  Forge  
  31  10:52  Probe (Chrono Boost)  
  32  11:02  Probe (Chrono Boost)  
  33  11:10  Stalker  
  35  11:12  Stalker  
  35  11:13  Probe (Chrono Boost)  
  39  11:18  Probe (Chrono Boost)  
  39  11:29  Probe (Chrono Boost)  
  39  11:31  Photon Cannon  
  39  11:32  Photon Cannon  
  39  11:33  Photon Cannon  
  39  11:35  Photon Cannon  
  39  11:38  Photon Cannon  
  39  11:39  Pylon, Probe (Chrono Boost)  
  39  11:50  Probe (Chrono Boost)  
  39  11:53  Stalker  
  42  11:56  Stalker  
  42  12:00  Protoss Ground Weapons Level 1  
  44  12:01  Protoss Ground Armor Level 1  
  44  12:11  Pylon  
  44  12:18  Stalker  
  44  12:20  Stalker  
  48  12:25  Gateway x2  
  48  12:31  Pylon  
  48  12:37  Probe (Chrono Boost)  
  49  12:47  Probe (Chrono Boost)  
  50  12:55  Stalker x2  
  50  12:58  Probe (Chrono Boost)  
  55  13:03  Twilight Council  
  49  13:20  Stalker x2  
  49  13:22  Stalker  
  49  13:23  Stalker  
  57  13:44  Stalker x2  
  57  13:46  Stalker  
  57  13:48  Stalker  
Show
View Real Time Build Order
Export as new Build Order

dallaskuken Protoss 

Build Orders:  

Get SALT Encoding   

  12  0:01  Probe (Chrono Boost)  
  13  0:13  Probe (Chrono Boost)  
  14  0:24  Probe (Chrono Boost)  
  15  0:31  Pylon  
  16  0:50  Probe (Chrono Boost)  
  16  0:51  Gateway  
  16  0:53  Gateway  
  16  0:57  Assimilator  
  16  1:00  Probe (Chrono Boost)  
  17  1:11  Probe (Chrono Boost)  
  18  1:15  Assimilator  
  18  1:21  Probe (Chrono Boost)  
  19  1:32  Probe (Chrono Boost)  
  20  1:42  Cybernetics Core, Probe (Chrono Boost)  
  20  1:46  Pylon  
  21  1:53  Probe (Chrono Boost)  
  22  2:03  Probe (Chrono Boost)  
  22  2:05  Warp Gate  
  23  2:14  Probe (Chrono Boost)  
  24  2:18  Stalker x2  
  28  2:29  Mothership Core (Chrono Boost)  
  30  2:43  Robotics Facility  
  30  2:46  Pylon  
  31  2:59  Probe (Chrono Boost)  
  31  3:04  Stalker  
  33  3:05  Stalker  
  33  3:11  Probe (Chrono Boost)  
  36  3:17  Pylon  
  36  3:34  Stalker  
  36  3:36  Immortal  
  36  3:40  Probe (Chrono Boost)  
  43  3:46  Pylon  
  39  4:31  Immortal  
  39  4:43  Nexus  
  39  4:54  Gateway  
  39  4:56  Gateway  
  39  4:58  Stalker x2  
  43  5:17  Pylon  
  43  5:26  Stalker x2  
  47  6:07  Stargate  
  47  6:09  Probe (Chrono Boost)  
  47  6:10  Probe (Chrono Boost)  
  49  6:13  Immortal  
  53  6:19  Pylon  
  53  6:20  Probe (Chrono Boost)  
  53  6:21  Probe (Chrono Boost)  
  53  6:22  Stalker x2  
  53  6:23  Stalker x2  
  63  6:31  Probe (Chrono Boost)  
  65  6:33  Probe (Chrono Boost)  
  65  6:41  Probe (Chrono Boost)  
  66  6:52  Observer, Void Ray  
  70  6:59  Stalker x4  
  79  7:03  Probe (Chrono Boost)  
  80  7:13  Probe (Chrono Boost)  
  81  7:40  Void Ray  
  81  7:42  Forge  
  85  7:49  Probe (Chrono Boost)  
  86  7:51  Assimilator  
  86  7:55  Assimilator  
  86  8:19  Pylon  
  86  8:23  Pylon  
  86  8:25  Pylon  
  86  8:37  Probe (Chrono Boost)  
  83  8:43  Immortal  
  83  8:45  Stalker x3  
  83  8:46  Stalker  
  83  8:48  Probe (Chrono Boost)  
  83  8:58  Probe (Chrono Boost)  
  73  9:09  Probe (Chrono Boost)  
  60  9:22  Stalker x3  
  60  9:23  Stalker  
  68  9:42  Photon Cannon  
  68  9:57  Probe (Chrono Boost)  
  69  10:09  Probe (Chrono Boost)  
  69  10:10  Void Ray  
  74  10:29  Photon Cannon  
  74  10:31  Photon Cannon  
  74  10:36  Photon Cannon  
  74  10:48  Immortal  
  74  10:53  Void Ray  
  82  10:58  Sentry x2  
  82  10:59  Sentry  
  88  11:39  Nexus  
  88  11:49  Stalker x3  
  88  11:50  Stalker  
  96  11:55  Pylon  
  96  11:57  Pylon  
  96  12:12  Photon Cannon  
  96  12:16  Stalker  
  96  12:17  Stalker, Photon Cannon  
  96  12:18  Photon Cannon  
  100  12:36  Immortal  
  104  12:47  Stalker x3  
  110  12:52  Probe (Chrono Boost)  
  111  13:02  Probe (Chrono Boost)  
  44  13:29  Stalker x3  
  44  13:30  Stalker  
Show
View Real Time Build Order
Export as new Build Order

RedMonsterT Protoss 

Build Orders:  

Get SALT Encoding   

  12  0:01  Probe (Chrono Boost)  
  13  0:12  Probe (Chrono Boost)  
  14  0:20  Pylon  
  14  0:29  Probe (Chrono Boost)  
  15  0:40  Probe (Chrono Boost)  
  15  0:42  Gateway  
  16  0:44  Assimilator  
  16  0:50  Probe (Chrono Boost)  
  17  1:01  Probe (Chrono Boost)  
  18  1:05  Assimilator  
  18  1:11  Probe (Chrono Boost)  
  18  1:12  Pylon  
  19  1:22  Probe (Chrono Boost)  
  20  1:34  Cybernetics Core  
  20  1:36  Probe (Chrono Boost)  
  21  1:46  Probe (Chrono Boost)  
  22  2:02  Probe (Chrono Boost)  
  22  2:03  Nexus  
  23  2:18  Robotics Facility  
  23  2:26  Mothership Core (Chrono Boost)  
  25  2:42  Pylon  
  25  2:45  Stalker, Probe (Chrono Boost)  
  25  2:50  Warp Gate  
  28  2:56  Probe (Chrono Boost)  
  29  3:05  Pylon  
  29  3:08  Probe (Chrono Boost)  
  30  3:13  Stalker  
  33  3:20  Probe (Chrono Boost)  
  33  3:22  Immortal  
  37  3:41  Gateway  
  37  3:43  Stalker  
  37  4:10  Stalker  
  39  4:18  Immortal  
  39  4:22  Probe x2 (Chrono Boost)  
  43  4:28  Stalker  
  45  4:34  Probe x2 (Chrono Boost)  
  45  4:35  Assimilator  
  47  4:39  Gateway  
  51  4:46  Probe x2 (Chrono Boost)  
  49  4:58  Probe (Chrono Boost)  
  49  4:59  Probe (Chrono Boost)  
  51  5:01  Stargate  
  51  5:02  Warp Prism  
  51  5:03  Pylon  
  51  5:10  Probe (Chrono Boost)  
  54  5:29  Pylon  
  54  5:33  Stalker x2  
  58  5:36  Observer  
  58  5:37  Probe x2 (Chrono Boost)  
  58  5:41  Forge  
  61  5:44  Assimilator  
  61  5:47  Pylon  
  61  5:49  Probe x2 (Chrono Boost), Void Ray  
  63  6:06  Immortal  
  65  6:12  Stalker x3  
  71  6:25  Gateway  
  71  6:38  Probe (Chrono Boost)  
  71  6:39  Probe (Chrono Boost)  
  73  6:50  Probe (Chrono Boost)  
  72  7:02  Photon Cannon  
  72  7:06  Protoss Shields Level 1  
  72  7:07  Photon Cannon  
  72  7:12  Photon Cannon  
  72  7:13  Gateway  
  72  7:16  Gateway  
  72  7:29  Immortal  
  72  7:30  Stalker x3  
  82  7:41  Twilight Council  
  82  7:42  Nexus  
  82  7:43  Pylon  
  82  7:46  Void Ray  
  86  8:00  Photon Cannon  
  86  8:03  Probe x2 (Chrono Boost)  
  80  8:45  Stalker x2  
  80  8:46  Stalker x2  
  63  9:36  Stalker x4  
  67  9:44  Blink  
  67  9:45  Gateway x2  
  67  9:51  Probe (Chrono Boost)  
  67  9:52  Probe (Chrono Boost)  
  71  9:54  Mothership Core (Chrono Boost)  
  71  9:57  Protoss Ground Armor Level 1  
  71  10:00  Observer  
  71  10:02  Probe (Chrono Boost)  
  71  10:03  Assimilator  
  71  10:04  Pylon, Probe (Chrono Boost)  
  71  10:05  Pylon  
  71  10:06  Assimilator  
  71  10:10  Pylon  
  70  10:14  Probe (Chrono Boost)  
  70  10:16  Probe (Chrono Boost)  
  70  10:18  Observer  
  73  10:36  Probe (Chrono Boost)  
  73  10:37  Probe x2 (Chrono Boost)  
  73  10:41  Photon Cannon  
  75  10:46  Probe (Chrono Boost)  
  75  10:47  Photon Cannon  
  75  10:49  Probe x2 (Chrono Boost)  
  78  10:52  Stargate  
  78  11:07  Stalker x5  
  78  11:08  Stalker x3  
  90  11:36  Void Ray x2  
  84  11:50  Fleet Beacon  
  84  11:52  Pylon, Probe (Chrono Boost)  
  84  11:53  Probe x2 (Chrono Boost)  
  87  11:58  Stalker x3  
  87  11:59  Stalker x4  
  101  12:03  Probe (Chrono Boost)  
  101  12:05  Probe (Chrono Boost)  
  103  12:15  Stalker  
  105  12:16  Probe (Chrono Boost)  
  105  12:18  Probe x2 (Chrono Boost)  
  108  12:30  Nexus  
  102  13:27  Stalker x6  
  104  13:28  Stalker x2  
  118  13:41  Pylon  
  118  13:45  Pylon  
  126  13:57  Stalker x2  
  126  13:58  Stalker x4  
Show
View Real Time Build Order
Export as new Build Order

Celomanx Terran 

Build Orders: MMM Bio 

Get SALT Encoding   

  12  0:01  SCV  
  13  0:13  SCV  
  14  0:18  Supply Depot  
  14  0:30  SCV  
  15  0:37  Refinery  
  15  0:41  Barracks  
  15  0:46  SCV  
  16  1:03  Barracks  
  16  1:04  SCV  
  17  1:20  SCV  
  17  1:23  Supply Depot  
  18  1:30  Barracks Reactor  
  18  1:36  Orbital Command  
  18  1:52  Barracks Tech Lab  
  18  1:59  Refinery  
  18  2:07  Factory, Marine  
  18  2:08  Marine  
  20  2:11  SCV  
  20  2:13  Marine  
  22  2:23  SCV  
  23  2:34  Stimpack, Marine x2  
  23  2:35  Marine  
  26  2:37  SCV  
  27  2:49  SCV  
  27  2:50  Supply Depot  
  28  2:52  Marine  
  28  2:58  Starport  
  29  3:01  Factory Reactor  
  29  3:04  Marine  
  30  3:07  Marine  
  30  3:12  SCV  
  32  3:14  Marine  
  33  3:22  Marine  
  33  3:24  SCV  
  33  3:25  Marine  
  36  3:30  Supply Depot  
  36  3:42  Bunker  
  36  3:51  Bunker  
  36  3:52  Medivac x2  
  39  3:59  Supply Depot  
  39  4:01  Widow Mine  
  39  4:11  Marine  
  39  4:14  Marine  
  38  4:30  Widow Mine  
  40  4:37  Barracks Reactor, Combat Shields  
  40  4:39  SCV  
  40  4:45  Marine  
  42  4:51  SCV  
  43  5:02  Marine  
  43  5:03  Widow Mine  
  46  5:07  Command Center  
  46  5:23  Marine  
  47  5:30  Engineering Bay  
  47  5:33  Supply Depot  
  47  5:37  Supply Depot  
  47  5:50  Marine  
  47  5:55  Marine x2  
  49  5:57  Factory Reactor  
  49  6:04  Missile Turret  
  49  6:08  Marine  
  50  6:12  Missile Turret  
  50  6:13  Marine x2  
  50  6:17  Concussive Shells  
  51  6:33  Marine x2  
  51  6:34  Marauder  
  51  6:37  SCV  
  56  6:48  Orbital Command  
  56  6:51  Marine  
  55  7:27  Marine x2  
  55  7:28  Marauder, Widow Mine x2, Medivac x2  
  65  7:37  SCV, Engineering Bay  
  65  7:41  SCV  
  67  7:50  Terran Infantry Weapons Level 1  
  67  7:56  Missile Turret  
  67  8:06  SCV  
  66  8:15  Marine  
  66  8:16  Marine x2  
  69  8:21  Barracks  
  69  8:23  Barracks  
  69  8:33  Marine  
  64  9:14  Marine x2  
  64  9:15  Barracks Reactor x2, Marauder  
  62  9:20  Barracks  
  62  9:22  Barracks  
  62  9:26  SCV x2  
  62  9:29  Terran Infantry Armor Level 1  
  64  9:32  Armory  
  64  9:35  Marine x2  
  67  9:38  SCV x2  
  67  9:43  Refinery  
  68  9:50  SCV x2  
  70  9:54  Widow Mine x2  
  70  9:58  Command Center  
  74  10:12  SCV  
  75  10:18  SCV  
  75  10:37  Marine x3  
  75  10:39  Barracks Reactor, Barracks Tech Lab  
  78  10:43  Missile Turret, Supply Depot  
  78  10:46  Supply Depot  
  78  10:47  Supply Depot  
  78  10:49  Missile Turret  
  78  10:51  Command Center  
  78  11:05  SCV, Marine x3, Medivac x2  
  78  11:07  Marine x3  
  78  11:08  Marauder  
  91  11:14  Terran Infantry Weapons Level 2  
  91  11:25  Terran Infantry Armor Level 2  
  91  11:26  Marine  
  91  11:29  Marauder  
  91  11:31  Refinery, SCV  
  95  11:53  Marine x5  
  95  11:54  Marauder  
  102  12:00  Supply Depot  
  102  12:02  Marauder  
  104  12:10  Supply Depot  
  104  12:11  Supply Depot  
  104  12:12  Missile Turret  
  104  12:20  Missile Turret  
  104  12:21  Planetary Fortress  
  104  12:29  Marine  
  104  12:31  Marine x2  
  104  12:36  Missile Turret  
  107  12:54  SCV x2  
  107  12:55  Marine  
  107  12:56  Missile Turret, Marine  
  101  13:07  Marauder, Marine x3  
  94  13:28  Marauder, Marine x5  
  94  13:29  Marauder  
  94  13:30  Widow Mine x2  
  107  13:41  SCV  
  107  13:42  SCV x2  
  110  13:49  Refinery  
  110  13:50  Marauder  
  110  13:54  SCV x2  
Show
View Real Time Build Order
Export as new Build Order

Hopeless Zerg 

Build Orders: Hatch First 

Get SALT Encoding   

  12  0:01  Drone  
  13  0:12  Overlord  
  13  0:17  Drone  
  14  0:31  Drone x2  
  14  0:34  Drone  
  17  0:46  Drone  
  18  1:04  Drone  
  19  1:13  Hatchery  
  19  1:14  Spawning Pool  
  19  1:16  Extractor  
  19  1:18  Drone  
  17  1:22  Drone  
  18  1:30  Drone  
  19  1:41  Drone  
  20  1:51  Overlord  
  20  2:34  Drone x3  
  20  2:36  Drone  
  20  2:37  Drone  
  25  2:39  Queen, Metabolic Boost  
  27  2:47  Drone x2, Roach Warren  
  27  2:49  Queen  
  30  2:57  Drone x2  
  32  3:11  Drone x2  
  34  3:19  Evolution Chamber  
  33  3:21  Queen, Evolution Chamber  
  33  3:25  Overlord  
  34  3:29  Overlord x2  
  34  3:44  Zergling x4  
  34  3:47  Overlord  
  36  3:50  Zergling x2  
  36  3:53  Zergling x2  
  36  3:54  Zergling x6  
  41  4:04  Zergling x4  
  42  4:12  Zergling x2  
  42  4:14  Zergling x2  
  42  4:20  Zergling x2  
  42  4:24  Zergling x2  
  44  4:25  Zergling x2  
  45  4:33  Zergling x4  
  45  4:34  Zergling x2  
  48  4:46  Zerg Melee Weapons Level 1, Zerg Ground Armor Level 1  
  48  4:47  Zergling x4  
  50  4:54  Baneling Nest  
  50  4:55  Zergling x4  
  51  5:01  Hatchery  
  51  5:04  Zergling x2  
  51  5:05  Lair  
  51  5:11  Extractor  
  49  5:19  Zergling x10  
  49  5:20  Zergling x4  
  53  5:21  Zergling x2  
  54  5:32  Drone x2  
  56  5:36  Drone  
  57  5:51  Baneling x5  
  57  5:55  Drone x2  
  59  6:08  Spore Crawler  
  59  6:11  Spore Crawler  
  57  6:13  Zergling x4  
  57  6:15  Zergling x10  
  64  6:20  Drone  
  63  6:50  Queen  
  65  7:00  Overlord x2  
  65  7:01  Overlord, Extractor  
  65  7:02  Zergling x2  
  65  7:04  Overlord x2  
  65  7:17  Queen  
  65  7:20  Drone  
  65  7:21  Zerg Melee Weapons Level 2  
  68  7:27  Extractor  
  68  7:29  Zergling x2  
  69  7:30  Baneling x3, Zergling x2  
  69  7:31  Baneling  
  69  7:33  Queen  
  69  7:35  Drone x4  
  69  7:36  Drone x5  
  80  7:45  Zergling x8  
  80  7:48  Zergling x2  
  85  7:52  Centrifical Hooks  
  85  7:54  Zergling x2  
  85  7:55  Zergling x4  
  85  7:56  Zergling x4  
  90  8:03  Drone x3  
  90  8:04  Drone  
  94  8:09  Baneling x2  
  94  8:10  Baneling x3  
  94  8:19  Extractor  
  93  8:21  Zergling x6  
  86  8:38  Zergling x4  
  70  8:42  Zergling x6  
  70  8:43  Zergling x8  
  62  9:08  Drone x3  
  65  9:10  Drone  
  65  9:11  Drone  
  65  9:16  Extractor  
  66  9:19  Drone x4  
  66  9:20  Spire  
  69  9:28  Baneling  
  69  9:29  Baneling x5  
  69  9:35  Infestation Pit  
  69  9:36  Drone  
  69  9:37  Drone x5  
  74  10:03  Drone x6  
  79  10:22  Overseer x2  
  79  10:23  Pneumatized Carapace  
  79  10:31  Spore Crawler  
  79  10:35  Zerg Flyer Weapons Level 1, Mutalisk x2  
  78  10:36  Mutalisk x5  
  92  10:54  Zergling x2  
  92  10:55  Zergling x14  
  100  11:04  Hatchery x2  
  98  11:11  Zergling x2  
  98  11:12  Zergling x8  
  103  11:34  Mutalisk  
  105  11:53  Overlord x2  
  105  11:55  Baneling  
  105  11:56  Baneling x3  
  105  12:01  Overlord x2  
  105  12:12  Mutalisk x4  
  105  12:15  Overlord x2  
  113  12:16  Mutalisk x6  
  113  12:22  Mutalisk  
  127  12:52  Mutalisk x5  
  127  12:53  Mutalisk x2  
  127  12:54  Overlord x2  
  127  12:55  Overlord  
  132  13:24  Mutalisk x3  
  132  13:25  Mutalisk x3  
  144  13:27  Zergling x2  
  144  13:28  Zergling x10  
  150  13:41  Mutalisk x3  
  150  13:47  Zergling x4  
  150  13:48  Zergling x6  
Tags
 
Add a new tag
Caveats
  • Supply blocks, unpowered buildings, or Contaminate may cause inaccurate times.
  • Supply counts are checked every 10 seconds.